 Dungeon Crawl Stone Soup version 0.27-a0-1287-gca74d27db6 (webtiles) character file.

Game seed: 9176291066464637109

1843 deletemesenpai the Cleaver (level 9, -7/78 HPs)
             Began as a Hill Orc Fighter on June 15, 2021.
             Mangled by an orc (8 damage)
             ... on level 6 of the Dungeon.
             The game lasted 00:14:44 (5157 turns).

deletemesenpai the Cleaver (Hill Orc Fighter)       Turns: 5157, Time: 00:14:47

Health: -7/78      AC:  8    Str: 22    XL:     9   Next: 12%
Magic:  9/9        EV:  8    Int:  8    God:
Gold:   301        SH:  0    Dex: 10    Spells: 8/8 levels left

rFire    + . .     SeeInvis .   p - +3 whip
rCold    . . .     Faith    .   c - +0 kite shield
rNeg     . . .     Spirit   .   b - +0 scale mail
rPois    .         Reflect  .   (no helmet)
rElec    .         Harm     .   (no cloak)
rCorr    .         Rampage  .   v - +0 pair of gloves
Will     .....                  (no boots)
Stlth    ..........             m - amulet of regeneration
HPRegen  1.23/turn              i - ring of protection from fire
MPRegen  0.11/turn              (no ring)

@: confused, mighty, lethally poisoned (-7 -> -11)
A: no striking features
a: no special abilities


You were on level 6 of the Dungeon.
You visited 1 branch of the dungeon, and saw 6 of its levels.

You collected 301 gold pieces.

Inventory:

Hand Weapons
 a - a +0 war axe
 p - a +3 whip (weapon)
Missiles
 x - 7 atropa-tipped darts (quivered)
Armour
 b - a +0 scale mail (worn)
 c - a +0 kite shield (worn)
 v - a +0 pair of gloves (worn)
Jewellery
 i - a ring of protection from fire (left hand)
 m - an amulet of regeneration (around neck)
 n - a ring of positive energy
 s - an amulet of guardian spirit
Wands
 o - a wand of paralysis (4)
Scrolls
 e - 4 scrolls of identify {unknown}
 f - 4 scrolls of noise {unknown}
 g - 3 scrolls of enchant weapon {unknown}
 h - 3 scrolls of amnesia {unknown}
 j - 2 scrolls of blinking {unknown}
 k - 2 scrolls of fog {unknown}
 l - 2 scrolls of teleportation {unknown}
 w - a scroll of immolation {unknown}
 y - a scroll of torment {unknown}
Potions
 d - a potion of might
 q - a potion of brilliance {unknown}
 r - 2 potions of haste
 t - a potion of heal wounds {unknown}
 u - a potion of ambrosia {unknown}


   Skills:
 + Level 6.8 Fighting
 * Level 8.2(8.9) Axes
 + Level 4.0(6.0) Maces & Flails
 + Level 0.2 Throwing
 + Level 5.8 Armour
 - Level 0.2 Dodging
 * Level 7.5 Shields


You had 8 spell levels left.
You didn't know any spells.
Your spell library contained the following spells:

 Spells                   Type           Power      Damage    Failure   Level
 Apportation              Tloc           0%         N/A       95%         1
 Lesser Beckoning         Tloc           0%         N/A       100%        3
 Tukima's Dance           Hex            0%         N/A       100%        3
 Alistair's Intoxication  Tmut/Pois      0%         N/A       100%        5
 Invisibility             Hex            0%         N/A       100%        6


Dungeon Overview and Level Annotations

Branches:
Dungeon (6/15)             Temple (0/1) D:6

Altars:
Cheibriados
Kikubaaqudgha
Okawaru
Ru
Vehumet

Shops:
D:3 *


Message History

The orc warrior is severely wounded.
The orc warrior hits you with a +0 scimitar!
You closely miss the orc warrior.
The orc warrior is severely wounded.
The orc wizard gestures at you while chanting.
The magic dart hits you! You block the orc warrior's attack.
Your shield and scale mail prevent you from hitting the orc wizard.
The orc wizard hits you but does no damage.
The orc wizard casts a spell at you.
You are confused.
You bump into the rock wall.
The orc wizard hits you but does no damage.
The orc hits you with a +1 war axe of venom.
You are poisoned.
You miss the orc wizard.
You feel sick. The orc warrior closely misses you.
The orc wizard closely misses you.
The orc hits you with a +1 war axe of venom!
You are more poisoned.
You feel very mighty all of a sudden.
You feel very sick.
The orc warrior hits you with a +0 scimitar!
* * * LOW HITPOINT WARNING * * *
The orc wizard hits you with a +0 dagger.
* * * LOW HITPOINT WARNING * * *
The orc closely misses you.
You miss the orc warrior.
The orc warrior is heavily wounded.
You feel very sick. The orc warrior barely misses you.
The orc wizard hits you but does no damage.
The orc barely misses you.
You hit the orc warrior but do no damage.
The orc warrior is heavily wounded.
You feel very sick.
The orc warrior hits you with a +0 scimitar!
* * * LOW HITPOINT WARNING * * *
The orc wizard hits you but does no damage.
The orc hits you with a +1 war axe of venom!
You die...

. ..........'...#
#.............#
#####....#.......##
...##............###
.........##...##...#
.##......#.....#...#
..###....).._......#
....#....#.....#oo##
..#......##...##@######
..#.............o.'...#
....#..........####...#
..###...##..##...##...#
..# #...##..##........#
... ....##..##...##..##
..........[..##..##
..............#...#
#...##..##...##...#


You could see an orc warrior, an orc wizard and an orc.

Vanquished Creatures
  Grinder (D:3)
  2 water moccasins
  2 ice beasts
  2 black bears
  2 ogres
  2 bullfrogs (D:6)
  A water moccasin zombie (D:6)
  3 scorpions (D:5)
  A gnoll shaman (D:5)
  2 hounds
  An iron imp (D:5)
  A jelly (D:5)
  2 iguanas
  3 orc wizards
  A hound skeleton (D:5)
  2 howler monkey zombies
  4 adders
  9 gnolls
  An adder skeleton (D:4)
  2 dart slugs
  11 orcs
  5 ball pythons
  20 bats
  9 endoplasms
  A giant cockroach (D:2)
  10 hobgoblins
  3 jackals
  5 quokkas
  2 frilled lizards (D:1)
  8 goblins
  9 kobolds
  7 rats
134 creatures vanquished.

Vanquished Creatures (others)
  A jelly (D:5)
1 creature vanquished.

Grand Total: 135 creatures vanquished

Notes
Turn   | Place    | Note
-------+----------+-------------------------------------------
     0 | D:1      | deletemesenpai the Hill Orc Fighter began the quest for the
                  | Orb.
     0 | D:1      | Reached XP level 1. HP: 19/19 MP: 1/1
    58 | D:1      | Reached XP level 2. HP: 17/27 MP: 2/2
   193 | D:1      | Found a faded altar of an unknown god.
   284 | D:1      | Reached skill level 3 in Axes
   837 | D:1      | Reached XP level 3. HP: 27/33 MP: 3/3
  1805 | D:2      | Reached skill level 4 in Axes
  1889 | D:2      | Reached XP level 4. HP: 40/40 MP: 4/4
  2341 | D:3      | Found Yrchauq's General Store.
  2373 | D:3      | Noticed Grinder
  2380 | D:3      | Paralysed by Grinder for 6 turns
  2389 | D:3      | Paralysed by Grinder for 3 turns
  2400 | D:3      | Killed Grinder
  2401 | D:3      | Reached skill level 5 in Axes
  2401 | D:3      | Reached XP level 5. HP: 12/47 MP: 5/5
  2401 | D:3      | Reached XP level 6. HP: 14/55 MP: 6/6
  2459 | D:3      | Found a sacrificial altar of Ru.
  2603 | D:3      | Reached skill level 6 in Axes
  2946 | D:4      | Noticed a black bear
  3024 | D:4      | Reached skill level 5 in Fighting
  3024 | D:4      | Reached skill level 5 in Shields
  3096 | D:4      | Reached skill level 1 in Maces & Flails
  3096 | D:4      | Reached XP level 7. HP: 58/61 MP: 7/7
  3526 | D:5      | Entered Level 5 of the Dungeon
  3537 | D:5      | Found a radiant altar of Vehumet.
  3802 | D:5      | Reached skill level 7 in Axes
  3802 | D:5      | Reached XP level 8. HP: 70/70 MP: 8/8
  3939 | D:5      | Reached skill level 5 in Armour
  4276 | D:5      | Found an ancient bone altar of Kikubaaqudgha.
  4649 | D:5      | Found a snail-covered altar of Cheibriados.
  4935 | D:6      | Reached skill level 8 in Axes
  4991 | D:6      | Reached XP level 9. HP: 78/78 MP: 9/9
  5032 | D:6      | Found a staircase to the Ecumenical Temple.
  5046 | D:6      | Found an iron altar of Okawaru.
  5157 | D:6      | HP: 1/78 [orc warrior (11)]
  5157 | D:6      | Mangled by an orc

Illustrated notes

Levels and vault maps discovered:
D:1:      shiori_arrival_oz, layout_basic, ebering_ecumenical_altar_petrified
D:2:      wander_river, layout_loops_ring, minmay_quantized
D:3:      layout_rooms, marbit_many_paths, serial_shops, nicolae_shop_crystal,
          minmay_randomly_rotated_circles, uniq_grinder
D:4:      layout_rooms, roderic_batcave
D:5:      layout_basic, overflow_temple_1_default, lemuel_doored_altar,
          chei_slow_surprise, minmay_misc_feat_ornament,
          hellmonk_bongcloud_opening, lemuel_old_faithful
D:6:      layout_gridville, okawaru_gym_becter, minmay_temple_entry_large_hall,
          minmay_door_square, grunt_decor_fettered,
          minmay_misc_feat_more_columns

Skill      XL: |  1  2  3  4  5  6  7  8  9 |
---------------+----------------------------+-----
Axes           | 3 4 5 6 7 8 |  8.2
Fighting       | 4 5 6 |  6.8
Shields        | 4 5 6 7 |  7.5
Armour         | 4 5 |  5.8
Maces & Flails | 1 2 3 4 |  4.0
Throwing       | |  0.2
Dodging        | |  0.2

Action                   |  1- 3 |  4- 6 |  7- 9 || total
-------------------------+-------+-------+-------++-------
Melee: War axe           |   153 |    67 |    54 ||   274
       Whip              |       |    67 |   249 ||   316
Throw: Boomerang         |       |       |     3 ||     3
  Use: Potion            |       |     2 |     4 ||     6
Armor: Scale mail        |    94 |    76 |   105 ||   275
Dodge: Dodged            |    67 |    38 |    93 ||   198
Block: Kite shield       |    98 |    87 |   161 ||   346

Table legend: (Time is in decaauts)
 A = Elapsed time spent in this place.
 B = Non-inter-level travel time spent in this place.
 C = Inter-level travel time spent in this place.
 D = Time resting spent in this place.
 E = Time spent auto-exploring this place.
 F = Levels seen in this place.
 G = Mean time per level.
                   A        B        C        D        E       F      G
               +--------+--------+--------+--------+--------+-----+--------+
         Total |   5307 |   5190 |    117 |    660 |   2724 |   6 |  884.5 |
       Dungeon |   5307 |   5190 |    117 |    660 |   2724 |   6 |  884.5 |
               +--------+--------+--------+--------+--------+-----+--------+

Top non-repeatable levels by time:
     D:1: 1332 daAuts
     D:5: 1252 daAuts
     D:2: 1113 daAuts
     D:4: 637 daAuts
     D:3: 571 daAuts
     D:6: 400 daAuts
